Griffins vs Penguins
Created - February 9, 2023 at 21:53
Goals
|
| Griffins |
3 |
0 |
0 |
0 |
2 |
4 |
| Penguins |
2 |
1 |
0 |
0 |
1 |
3 |
|
Shots
|
| Griffins |
16 |
11 |
9 |
5 |
3 |
41 |
| Penguins |
15 |
7 |
6 |
2 |
3 |
30 |
|
1st period
1. Penguins , Max Gortz 5 (Danny Biega 8) at 5:46
2. Griffins , Jack Roslovic 27 (Tyler Bertuzzi 24) at 12:32
3. Penguins , Max Gortz 6 (Andy Andreoff 2, Dakota Mermis 8) at 14:27
4. Griffins , Sonny Milano 13 (Adam Gaudette 9, Nico Hischier 16) at 16:34
5. Griffins , Tyler Bertuzzi 16 (Danny Kristo 22, Jack Roslovic 37) at 18:24
Penalties :
Tyler Bertuzzi (Gra) for Hooking (Minor) at 19:48
2nd period
6. Penguins , Matthew Tkachuk 24 (Evan Rodrigues 30, Gavin Bayreuther 31) at 0:11 (PP)
Penalties :
Nico Hischier (Gra) for Hooking (Minor) at 2:43
3rd period
No Goal
Penalties :
Jesper Boqvist (Wil) for Roughing (Minor) at 12:06, Nico Hischier (Gra) for Holding (Minor) at 17:40
Overtime #1
No Goal
Penalties :
No Penalty
Shootout
Griffins, Jack Roslovic - Goal!
Penguins, Andy Andreoff - Goal!
Griffins, Adam Gaudette - Stopped by Jeremy Swayman
Penguins, Matthew Tkachuk - Shot Misses the Net
Griffins, Riley Armstrong - Goal!
Penguins, Victor Olofsson - Stopped by Joni Ortio
Penalties :
No Penalty
Goalie Stats
Joni Ortio (Gra), 27 saves from 30 shots - (0.900), W, 6-5-0, 65:00 minutes
Jeremy Swayman (Wil), 38 saves from 41 shots - (0.927), OTL, 7-13-1, 65:00 minutes
Players Stats for Griffins
Player Name G A P +/- PIM S H SB GA TA FO MP PP MP PK MP
------------------------------------------------------------------------------------
Adam Gaudette 0 1 1 1 0 2 2 1 0 0 0/0 16:51 1:03 0:58
Brendan Woods 0 0 0 -1 0 1 1 0 0 0 1/2 15:43 0:51 2:19
Cody Glass 0 0 0 -1 0 3 0 0 1 1 3/3 10:58 0:00 0:33
Danny Kristo 0 1 1 2 0 1 1 0 1 0 1/2 18:16 0:56 0:00
Dmitri Orlov 0 0 0 0 0 0 1 1 0 0 0/0 20:25 0:45 0:00
Ian McCoshen 0 0 0 0 0 2 4 0 0 1 0/0 21:29 0:00 1:38
Jack Roslovic 1 1 2 2 0 8 0 0 0 0 21/33 20:35 0:57 0:00
Jack Studnicka 0 0 0 -1 0 3 1 0 0 0 0/0 11:10 0:00 0:45
Joe Morrow 0 0 0 1 0 3 2 4 1 1 0/0 22:54 1:14 2:43
Lucas Lessio 0 0 0 -1 0 5 0 0 2 0 0/0 12:33 0:06 0:56
Nico Hischier 0 1 1 1 4 1 2 2 1 0 7/14 16:24 1:14 0:00
Riley Armstrong 0 0 0 -1 0 2 1 1 1 1 4/10 15:28 0:56 2:13
Ryan Lindgren 0 0 0 1 0 0 0 1 0 0 0/0 19:18 0:00 2:43
Ryan Pulock 0 0 0 0 0 1 1 1 1 0 0/0 23:47 0:00 1:38
Sebastian Ahaut 0 0 0 0 0 1 0 1 0 1 0/0 19:52 0:00 0:00
Sonny Milano 1 0 1 1 0 4 3 0 0 0 0/0 15:54 0:56 0:00
Troy Terry 0 0 0 -1 0 0 0 0 0 0 1/1 12:27 0:00 0:00
Tyler Bertuzzi 1 1 2 2 2 4 0 0 3 0 1/1 21:32 0:57 0:58
Players Stats for Penguins
Player Name G A P +/- PIM S H SB GA TA FO MP PP MP PK MP
------------------------------------------------------------------------------------
Adam Brooks 0 0 0 0 0 1 2 0 0 0 5/11 17:14 1:48 0:22
Andrew O'Brien 0 0 0 -2 0 0 1 2 0 2 0/0 29:00 2:10 1:07
Andy Andreoff 0 1 1 2 0 2 3 0 2 0 0/0 14:00 0:00 0:59
Anthony Beauvillier 0 0 0 -2 0 1 1 1 0 0 2/3 21:33 2:33 0:38
Brett Kulak 0 0 0 0 0 0 0 0 0 0 0/0 0:28 0:00 0:00
Dakota Mermis 0 1 1 1 0 0 3 3 0 0 0/0 21:51 2:36 0:49
Danny Biega 0 1 1 -1 0 3 1 2 0 1 0/0 26:20 1:31 0:45
Eetu Luostarinen 0 0 0 2 0 1 0 0 0 2 4/8 13:07 0:00 0:21
Evan Rodrigues 0 1 1 -2 0 2 0 1 1 1 13/38 23:37 2:33 1:03
Gavin Bayreuther 0 1 1 0 0 3 3 5 1 2 0/0 31:35 1:49 1:14
Iven Barbashev 0 0 0 0 0 1 3 1 0 1 0/0 17:30 1:48 0:35
Jeff Malott 0 0 0 -1 0 2 3 0 0 0 0/0 9:28 0:00 0:00
Jesper Boqvist 0 0 0 -1 2 0 1 0 1 1 1/4 12:08 0:00 0:00
John Marino 0 0 0 0 0 0 3 0 0 0 0/0 18:05 0:36 0:03
Matthew Tkachuk 1 0 1 -2 0 7 1 1 0 0 1/1 22:28 2:33 0:00
Max Gortz 2 0 2 2 0 4 0 0 0 0 0/0 13:01 0:00 0:00
Sam Kurker 0 0 0 -1 0 1 3 1 0 0 0/0 9:43 0:00 0:00
Victor Olofsson 0 0 0 0 0 2 4 1 0 1 1/1 16:52 1:48 0:00
3 Stars
1 - Max Gortz (Wil)
2 - Jack Roslovic (Gra)
3 - Sonny Milano (Gra)
Power Play
Griffins - 0 on 1 Attempt(s) - 0.00%
Penguins - 1 on 3 Attempt(s) - 33.33%
Penalty Kill
Griffins - 2 on 3 Attempt(s) - 66.67%
- Score 0 goal in Penalty Kill
Penguins - 1 on 1 Attempt(s) - 100.00%
- Score 0 goal in Penalty Kill
Team Stat
Griffins - Hits : 19 - Faceoff Wins : 39 - Blocked Shots : 12 - Penalty Minutes : 6
Penguins - Hits : 32 - Faceoff Wins : 27 - Blocked Shots : 18 - Penalty Minutes : 2
Official
Referees : Kendrick Nicholson and Graham Skilliter
Linesman : Ryan Gibbons and Devin Berg
Game Notes
Brett Kulak is injured at 0:27 of 1st period (Groin)
Finance
Level 1 -- Attendance: 1807 (90.35%) -- Ticket Income $63,245
Level 2 -- Attendance: 953 (95.30%) -- Ticket Income $14,295
Total Attendance: 2760 (92.00%)
Total Ticket Income: $77,540
Other Income: $3,877
Total Income: $81,417
Griffins
5 vs 5 Forward
Center Left Wing Right Wing Time % Phy DF OF
1 Jack Roslovic Tyler Bertuzzi Danny Kristo 40 1 2 2
2 Nico Hischier Sonny Milano Adam Gaudette 30 1 2 2
3 Riley Armstrong Brendan Woods Troy Terry 20 1 2 2
4 Cody Glass Lucas Lessio Jack Studnicka 10 1 2 2
5 vs 5 Defense
Defense Defense Time % Phy DF OF
1 Ryan Pulock Sebastian Ahaut 40 1 4 0
2 Dmitri Orlov Ian McCoshen 30 1 4 0
3 Joe Morrow Ryan Lindgren 20 1 4 0
4 Joe Morrow Ryan Lindgren 10 1 4 0
PowerPlay Forward
Center Left Wing Right Wing Time % Phy DF OF
1 Jack Roslovic Tyler Bertuzzi Adam Gaudette 60 1 2 2
2 Riley Armstrong Sonny Milano Danny Kristo 40 1 2 2
PowerPlay Defense
Defense Defense Time % Phy DF OF
1 Joe Morrow Nico Hischier 60 1 2 2
2 Dmitri Orlov Brendan Woods 40 1 2 2
Penalty Kill 4 Players Forward
Center Wing Time % Phy DF OF
1 Riley Armstrong Brendan Woods 60 1 2 2
2 Tyler Bertuzzi Adam Gaudette 40 1 2 2
Penalty Kill 4 Players Defense
Defense Defense Time % Phy DF OF
1 Joe Morrow Ryan Lindgren 60 1 2 2
2 Ryan Pulock Ian McCoshen 40 1 2 2
Penalty Kill - 3 Players Forward
Forward Time % Phy DF OF
1 Brendan Woods 60 1 2 2
2 Tyler Bertuzzi 40 1 2 2
Penalty Kill - 3 Players Defense
Defense Defense Time % Phy DF OF
1 Joe Morrow Ryan Lindgren 60 1 2 2
2 Ian McCoshen Ryan Pulock 40 1 2 2
4 vs 4 Forward
Center Wing Time % Phy DF OF
1 Jack Roslovic Tyler Bertuzzi 60 1 2 2
2 Riley Armstrong Lucas Lessio 40 1 2 2
4 vs 4 Defense
Defense Defense Time % Phy DF OF
1 Ian McCoshen Dmitri Orlov 60 1 2 2
2 Joe Morrow Ryan Pulock 40 1 2 2
Last Minutes Offensive
Center Left Wing Right Wing Defense Defense
Jack Roslovic Tyler Bertuzzi Adam Gaudette Danny Kristo Dmitri Orlov
Last Minutes Defensive
Center Left Wing Right Wing Defense Defense
Riley Armstrong Brendan Woods Lucas Lessio Joe Morrow Ian McCoshen
Goaltenders
Starting : Joni Ortio
Backup : Adam Werner
Extra Forwards
Normal : Tyler Bertuzzi, Brendan Woods, Troy Terry - PP : Lucas Lessio, Sonny Milano - PK : Jack Studnicka
Extra Defensemen
Normal : Ian McCoshen, Ryan Pulock, Dmitri Orlov - PP : Ian McCoshen - PK : Ryan Lindgren, Dmitri Orlov
Penalty Shots
Jack Roslovic, Adam Gaudette, Riley Armstrong, Lucas Lessio, Brendan Woods
Scratches
Klim Kostin (Healthy), Morgan Barron (Healthy), Lias Andersson (Healthy), Chris Bigras (Healthy), Greg McKegg (Healthy)
Jack Ramsey (Healthy), Konrad Abeltshauser (Healthy), Michael Bunting (Healthy), Conor Timmins (Healthy), Tanner Kero (Healthy)
Tomas Hyka (Healthy), Vladislav Namestnikov (Healthy), Nick Swaney (Healthy), Marcus Hogberg (Healthy), Philippe Desrosiers (Healthy)
Penguins
5 vs 5 Forward
Center Left Wing Right Wing Time % Phy DF OF
1 Evan Rodrigues Anthony Beauvillier Matthew Tkachuk 40 1 2 2
2 Adam Brooks Iven Barbashev Victor Olofsson 30 1 2 2
3 Eetu Luostarinen Andy Andreoff Max Gortz 20 1 2 2
4 Jesper Boqvist Jeff Malott Sam Kurker 10 1 2 2
5 vs 5 Defense
Defense Defense Time % Phy DF OF
1 Andrew O'Brien Brett Kulak 40 1 2 2
2 Dakota Mermis Gavin Bayreuther 30 1 2 2
3 Danny Biega John Marino 20 1 2 2
4 Andrew O'Brien Brett Kulak 10 1 2 2
PowerPlay Forward
Center Left Wing Right Wing Time % Phy DF OF
1 Evan Rodrigues Anthony Beauvillier Matthew Tkachuk 60 1 2 2
2 Adam Brooks Iven Barbashev Victor Olofsson 40 1 2 2
PowerPlay Defense
Defense Defense Time % Phy DF OF
1 Andrew O'Brien Brett Kulak 60 1 2 2
2 Dakota Mermis Gavin Bayreuther 40 1 2 2
Penalty Kill 4 Players Forward
Center Wing Time % Phy DF OF
1 Evan Rodrigues Andy Andreoff 60 1 2 2
2 Adam Brooks Iven Barbashev 40 1 2 2
Penalty Kill 4 Players Defense
Defense Defense Time % Phy DF OF
1 Andrew O'Brien Brett Kulak 60 1 2 2
2 Dakota Mermis Gavin Bayreuther 40 1 2 2
Penalty Kill - 3 Players Forward
Forward Time % Phy DF OF
1 Evan Rodrigues 60 1 2 2
2 Adam Brooks 40 1 2 2
Penalty Kill - 3 Players Defense
Defense Defense Time % Phy DF OF
1 Andrew O'Brien Brett Kulak 60 1 2 2
2 Dakota Mermis Gavin Bayreuther 40 1 2 2
4 vs 4 Forward
Center Wing Time % Phy DF OF
1 Evan Rodrigues Matthew Tkachuk 60 1 2 2
2 Adam Brooks Victor Olofsson 40 1 2 2
4 vs 4 Defense
Defense Defense Time % Phy DF OF
1 Andrew O'Brien Brett Kulak 60 1 2 2
2 Dakota Mermis Gavin Bayreuther 40 1 2 2
Last Minutes Offensive
Center Left Wing Right Wing Defense Defense
Evan Rodrigues Andy Andreoff Matthew Tkachuk Andrew O'Brien Brett Kulak
Last Minutes Defensive
Center Left Wing Right Wing Defense Defense
Evan Rodrigues Andy Andreoff Matthew Tkachuk Andrew O'Brien Brett Kulak
Goaltenders
Starting : Jeremy Swayman
Backup : Connor Hellebyuk
Extra Forwards
Normal : Anthony Beauvillier, Iven Barbashev, Max Gortz - PP : Anthony Beauvillier, Iven Barbashev - PK : Anthony Beauvillier
Extra Defensemen
Normal : Gavin Bayreuther, Danny Biega, John Marino - PP : Gavin Bayreuther - PK : Gavin Bayreuther, Danny Biega
Penalty Shots
Andy Andreoff, Matthew Tkachuk, Victor Olofsson, Evan Rodrigues, Anthony Beauvillier
Scratches
Brett Pollock (Healthy), Curtis Hamilton (Healthy), Denis Malgin (Healthy), Josh Ho-Sang (Healthy), Juuso Ikonen (Healthy)
Matthew Finn (Healthy), Austin Strand (Healthy), Raphael Bussieres (Healthy), Steven Spinner (Healthy), German Rubtsov (Healthy)
Anthony Stolarz (Healthy)
% Time on Ice - Griffins
Lines # - Real PCT - Wanted PCT - Time Play
Normal Forward
1 - 32% - 40% - 17:18
2 - 28% - 30% - 14:58
3 - 20% - 20% - 10:59
4 - 19% - 10% - 10:25
Normal Defense
1 - 38% - 40% - 20:34
2 - 32% - 30% - 16:57
3 - 21% - 20% - 11:04
4 - 9% - 10% - 5:05
PP Forward
1 - 53% - 60% - 1:03
2 - 47% - 40% - 0:56
PP Defense
1 - 62% - 60% - 1:14
2 - 38% - 40% - 0:45
PK Forward
1 - 78% - 60% - 3:23
2 - 22% - 40% - 0:58
PK Defense
1 - 62% - 60% - 2:43
2 - 38% - 40% - 1:38
PK3 Forward
1 - 0% - 60%
2 - 0% - 40%
PK3 Defense
1 - 0% - 60%
2 - 0% - 40%
44 Forward
1 - 78% - 60% - 3:54
2 - 22% - 40% - 1:06
44 Defense
1 - 58% - 60% - 2:54
2 - 42% - 40% - 2:06
Last Minute Offensive - 0:00
Last Minute Defensive - 0:00
Total
Forward - 65:00
Defense - 65:00
|
% Time on Ice - Penguins
Lines # - Real PCT - Wanted PCT - Time Play
Normal Forward
1 - 32% - 40% - 17:18
2 - 26% - 30% - 14:08
3 - 24% - 20% - 12:46
4 - 18% - 10% - 9:28
Normal Defense
1 - 44% - 40% - 23:30
2 - 25% - 30% - 13:34
3 - 20% - 20% - 10:58
4 - 10% - 10% - 5:38
PP Forward
1 - 59% - 60% - 2:33
2 - 41% - 40% - 1:48
PP Defense
1 - 87% - 60% - 3:46
2 - 13% - 40% - 0:35
PK Forward
1 - 82% - 60% - 1:37
2 - 18% - 40% - 0:22
PK Defense
1 - 66% - 60% - 1:18
2 - 34% - 40% - 0:41
PK3 Forward
1 - 0% - 60%
2 - 0% - 40%
PK3 Defense
1 - 0% - 60%
2 - 0% - 40%
44 Forward
1 - 81% - 60% - 4:04
2 - 19% - 40% - 0:56
44 Defense
1 - 78% - 60% - 3:53
2 - 22% - 40% - 1:07
Last Minute Offensive - 0:00
Last Minute Defensive - 0:00
Total
Forward - 65:00
Defense - 65:00
|
Play-by-Play
1st period
0:01 of 1st period - Evan Rodrigues wins face-off versus Jack Roslovic in neutral zone.
0:26 of 1st period - Brett Kulak is hit by Adam Gaudette and loses puck.
0:27 of 1st period - Brett Kulak from Penguins is injured at 0:27 of 1st period (Groin).
0:28 of 1st period - Eetu Luostarinen wins face-off versus Riley Armstrong in Penguins zone.
0:28 of 1st period - Eetu Luostarinen is hit by Brendan Woods.
0:54 of 1st period - Iven Barbashev is hit by Ian McCoshen and loses puck.
1:16 of 1st period - Icing by John Marino.
1:17 of 1st period - Jack Roslovic wins face-off versus Jesper Boqvist in Penguins zone.
1:42 of 1st period - John Marino is hit by Adam Gaudette and loses puck.
2:14 of 1st period - Slapshot by Jeff Malott.
2:14 of 1st period - Stopped by Joni Ortio with a rebound.
2:18 of 1st period - Backhand shot by Jeff Malott.
2:18 of 1st period - Stopped by Joni Ortio with a rebound.
2:28 of 1st period - Slapshot by Ryan Pulock.
2:28 of 1st period - Shot Blocked by Andrew O'Brien.
2:30 of 1st period - Wrist shot by Lucas Lessio.
2:30 of 1st period - Shot Blocked by Gavin Bayreuther.
2:34 of 1st period - Wrist shot by Lucas Lessio.
2:34 of 1st period - Stopped by Jeremy Swayman with a rebound.
2:36 of 1st period - Slapshot by Ian McCoshen.
2:36 of 1st period - Stopped by Jeremy Swayman with a rebound.
2:59 of 1st period - Dmitri Orlov is hit by Sam Kurker and loses puck.
3:10 of 1st period - Dmitri Orlov is hit by Jeff Malott.
3:16 of 1st period - Ian McCoshen is hit by Sam Kurker and loses puck.
3:25 of 1st period - Danny Biega is hit by Ian McCoshen and loses puck.
3:46 of 1st period - Snap shot by Lucas Lessio.
3:46 of 1st period - Deflect By Jack Studnicka.
3:46 of 1st period - Stopped by Jeremy Swayman without a rebound.
3:47 of 1st period - Jack Roslovic wins face-off versus Evan Rodrigues in Penguins zone.
4:12 of 1st period - Adam Gaudette is hit by Victor Olofsson.
5:18 of 1st period - Iven Barbashev is hit by Sonny Milano and loses puck.
5:35 of 1st period - Tyler Bertuzzi is hit by John Marino and loses puck.
5:46 of 1st period - Slapshot by Max Gortz.
5:46 of 1st period - Goal by Max Gortz - Griffins : 0 - Penguins : 1.
5:47 of 1st period - Jack Roslovic wins face-off versus Evan Rodrigues in neutral zone.
5:50 of 1st period - Slapshot by Ryan Pulock.
5:50 of 1st period - Deflect By Jack Roslovic.
5:50 of 1st period - Shot Misses the Net.
5:50 of 1st period - Puck is out of play.
5:51 of 1st period - Jack Roslovic wins face-off versus Evan Rodrigues in Penguins zone.
6:04 of 1st period - Slapshot by Jack Roslovic.
6:04 of 1st period - Shot Misses the Net.
6:06 of 1st period - Slapshot by Ryan Pulock.
6:06 of 1st period - Shot Misses the Net.
6:22 of 1st period - Wrist shot by Adam Brooks.
6:22 of 1st period - Stopped by Joni Ortio with a rebound.
6:24 of 1st period - Wrist shot by Iven Barbashev.
6:24 of 1st period - Shot Blocked by Nico Hischier.
6:26 of 1st period - Snap shot by Iven Barbashev.
6:26 of 1st period - Shot Blocked by Sebastian Ahaut.
6:28 of 1st period - Slapshot by Gavin Bayreuther.
6:28 of 1st period - Shot Blocked by Adam Gaudette.
6:58 of 1st period - Wrist shot by Danny Kristo.
6:58 of 1st period - Deflect By Jack Roslovic.
6:58 of 1st period - Shot Misses the Net.
6:58 of 1st period - Puck is out of play.
6:59 of 1st period - Jack Roslovic wins face-off versus Anthony Beauvillier in Penguins zone.
7:00 of 1st period - Slapshot by Tyler Bertuzzi.
7:00 of 1st period - Stopped by Jeremy Swayman with a rebound.
7:24 of 1st period - Gavin Bayreuther is hit by Sonny Milano and loses puck.
7:35 of 1st period - Snap shot by Adam Gaudette.
7:35 of 1st period - Shot Hit the Post.
7:45 of 1st period - Wrist shot by Lucas Lessio.
7:45 of 1st period - Stopped by Jeremy Swayman without a rebound.
7:46 of 1st period - Cody Glass wins face-off versus Eetu Luostarinen in Penguins zone.
8:31 of 1st period - Sebastian Ahaut is hit by Iven Barbashev and loses puck.
8:38 of 1st period - Snap shot by Victor Olofsson.
8:38 of 1st period - Shot Misses the Net.
8:40 of 1st period - Slapshot by Dakota Mermis.
8:40 of 1st period - Deflect By Victor Olofsson.
8:40 of 1st period - Shot Misses the Net.
8:40 of 1st period - Puck is out of play.
8:41 of 1st period - Jack Roslovic wins face-off versus Evan Rodrigues in Griffins zone.
8:43 of 1st period - Icing by Tyler Bertuzzi.
8:44 of 1st period - Jack Roslovic wins face-off versus Evan Rodrigues in Griffins zone.
9:22 of 1st period - Snap shot by Jack Roslovic.
9:22 of 1st period - Shot Misses the Net.
9:24 of 1st period - Wrist shot by Jack Roslovic.
9:24 of 1st period - Shot Blocked by Dakota Mermis.
9:26 of 1st period - Slapshot by Ryan Lindgren.
9:26 of 1st period - Shot Misses the Net.
9:30 of 1st period - Wrist shot by Jack Roslovic.
9:30 of 1st period - Stopped by Jeremy Swayman with a rebound.
9:32 of 1st period - Wrist shot by Danny Kristo.
9:32 of 1st period - Stopped by Jeremy Swayman without a rebound.
9:33 of 1st period - Riley Armstrong wins face-off versus Adam Brooks in Penguins zone.
9:58 of 1st period - Eetu Luostarinen is hit by Nico Hischier and loses puck.
10:05 of 1st period - Gavin Bayreuther is hit by Ian McCoshen and loses puck.
10:28 of 1st period - Wrist shot by Lucas Lessio.
10:28 of 1st period - Deflect By Cody Glass.
10:28 of 1st period - Stopped by Jeremy Swayman without a rebound.
10:29 of 1st period - Nico Hischier wins face-off versus Adam Brooks in Penguins zone.
10:45 of 1st period - Off-side.
10:46 of 1st period - Danny Kristo wins face-off versus Evan Rodrigues in neutral zone.
10:51 of 1st period - Snap shot by Matthew Tkachuk.
10:51 of 1st period - Shot Misses the Net.
10:53 of 1st period - Snap shot by Evan Rodrigues.
10:53 of 1st period - Stopped by Joni Ortio without a rebound.
10:54 of 1st period - Jack Roslovic wins face-off versus Evan Rodrigues in Griffins zone.
11:25 of 1st period - Snap shot by Brendan Woods.
11:25 of 1st period - Shot Misses the Net.
11:27 of 1st period - Slapshot by Joe Morrow.
11:27 of 1st period - Shot Blocked by Iven Barbashev.
11:29 of 1st period - Snap shot by Brendan Woods.
11:29 of 1st period - Shot Blocked by Victor Olofsson.
11:31 of 1st period - Wrist shot by Joe Morrow.
11:31 of 1st period - Shot Blocked by Danny Biega.
11:47 of 1st period - Snap shot by Max Gortz.
11:47 of 1st period - Stopped by Joni Ortio with a rebound.
12:10 of 1st period - Jack Studnicka is hit by Anthony Beauvillier and loses puck.
12:32 of 1st period - Wrist shot by Jack Roslovic.
12:32 of 1st period - Goal by Jack Roslovic - Griffins : 1 - Penguins : 1.
12:33 of 1st period - Jack Roslovic wins face-off versus Evan Rodrigues in neutral zone.
12:46 of 1st period - Snap shot by Matthew Tkachuk.
12:46 of 1st period - Shot Blocked by Joe Morrow.
12:58 of 1st period - Jack Roslovic is hit by Andy Andreoff and loses puck.
13:27 of 1st period - Tyler Bertuzzi is hit by John Marino and loses puck.
13:46 of 1st period - Snap shot by Adam Gaudette.
13:46 of 1st period - Deflect By Sonny Milano.
13:46 of 1st period - Stopped by Jeremy Swayman with a rebound.
14:08 of 1st period - Backhand shot by Brendan Woods.
14:08 of 1st period - Shot Misses the Net.
14:25 of 1st period - Wrist shot by Andy Andreoff.
14:25 of 1st period - Shot Misses the Net.
14:27 of 1st period - Snap shot by Max Gortz.
14:27 of 1st period - Goal by Max Gortz - Griffins : 1 - Penguins : 2.
14:28 of 1st period - Nico Hischier wins face-off versus Evan Rodrigues in neutral zone.
14:31 of 1st period - Wrist shot by Adam Gaudette.
14:31 of 1st period - Stopped by Jeremy Swayman without a rebound.
14:32 of 1st period - Evan Rodrigues wins face-off versus Nico Hischier in Penguins zone.
14:42 of 1st period - Off-side.
14:43 of 1st period - Adam Brooks wins face-off versus Riley Armstrong in neutral zone.
14:58 of 1st period - Slapshot by Victor Olofsson.
14:58 of 1st period - Shot Misses the Net.
15:10 of 1st period - Evan Rodrigues is hit by Sonny Milano and loses puck.
15:44 of 1st period - Jack Roslovic is hit by Andy Andreoff and loses puck.
15:55 of 1st period - Wrist shot by Iven Barbashev.
15:55 of 1st period - Deflect By Riley Armstrong.
15:55 of 1st period - Stopped by Joni Ortio with a rebound.
15:57 of 1st period - Slapshot by Danny Biega.
15:57 of 1st period - Stopped by Joni Ortio with a rebound.
16:03 of 1st period - Slapshot by Victor Olofsson.
16:03 of 1st period - Stopped by Joni Ortio without a rebound.
16:04 of 1st period - Anthony Beauvillier wins face-off versus Nico Hischier in Griffins zone.
16:05 of 1st period - Wrist shot by Matthew Tkachuk.
16:05 of 1st period - Stopped by Joni Ortio without a rebound.
16:06 of 1st period - Evan Rodrigues wins face-off versus Nico Hischier in Griffins zone.
16:07 of 1st period - Wrist shot by Matthew Tkachuk.
16:07 of 1st period - Stopped by Joni Ortio with a rebound.
16:12 of 1st period - Off-side.
16:13 of 1st period - Nico Hischier wins face-off versus Evan Rodrigues in neutral zone.
16:22 of 1st period - Snap shot by Nico Hischier.
16:22 of 1st period - Stopped by Jeremy Swayman with a rebound.
16:24 of 1st period - Wrist shot by Adam Gaudette.
16:24 of 1st period - Shot Misses the Net.
16:30 of 1st period - Snap shot by Adam Gaudette.
16:30 of 1st period - Shot Misses the Net.
16:32 of 1st period - Snap shot by Sonny Milano.
16:32 of 1st period - Shot Hit the Post.
16:34 of 1st period - Slapshot by Sonny Milano.
16:34 of 1st period - Goal by Sonny Milano - Griffins : 2 - Penguins : 2.
16:35 of 1st period - Jack Roslovic wins face-off versus Adam Brooks in neutral zone.
16:46 of 1st period - Snap shot by Jack Roslovic.
16:46 of 1st period - Stopped by Jeremy Swayman without a rebound.
16:47 of 1st period - Jack Roslovic wins face-off versus Evan Rodrigues in Penguins zone.
16:50 of 1st period - Wrist shot by Tyler Bertuzzi.
16:50 of 1st period - Shot Misses the Net.
16:52 of 1st period - Wrist shot by Danny Kristo.
16:52 of 1st period - Shot Misses the Net.
17:14 of 1st period - Troy Terry is hit by Adam Brooks and loses puck.
17:29 of 1st period - Adam Brooks is hit by Ian McCoshen and loses puck.
18:06 of 1st period - Slapshot by Lucas Lessio.
18:06 of 1st period - Stopped by Jeremy Swayman with a rebound.
18:24 of 1st period - Snap shot by Danny Kristo.
18:24 of 1st period - Deflect By Tyler Bertuzzi.
18:24 of 1st period - Goal by Tyler Bertuzzi - Griffins : 3 - Penguins : 2.
18:25 of 1st period - Jack Roslovic wins face-off versus Evan Rodrigues in neutral zone.
18:28 of 1st period - Slapshot by Gavin Bayreuther.
18:28 of 1st period - Deflect By Danny Kristo.
18:28 of 1st period - Stopped by Joni Ortio with a rebound.
19:21 of 1st period - Icing by Andy Andreoff.
19:22 of 1st period - Eetu Luostarinen wins face-off versus Jack Roslovic in Penguins zone.
19:26 of 1st period - Off-side.
19:27 of 1st period - Evan Rodrigues wins face-off versus Jack Roslovic in neutral zone.
19:32 of 1st period - Wrist shot by Anthony Beauvillier.
19:32 of 1st period - Shot Hit the Post.
19:34 of 1st period - Snap shot by Evan Rodrigues.
19:34 of 1st period - Shot Blocked by Joe Morrow.
19:36 of 1st period - Snap shot by Matthew Tkachuk.
19:36 of 1st period - Shot Blocked by Ryan Lindgren.
19:40 of 1st period - Snap shot by Matthew Tkachuk.
19:40 of 1st period - Stopped by Joni Ortio with a rebound.
19:42 of 1st period - Wrist shot by Matthew Tkachuk.
19:42 of 1st period - Stopped by Joni Ortio with a rebound.
19:48 of 1st period - Minor Penalty to Tyler Bertuzzi for Hooking.
19:49 of 1st period - Matthew Tkachuk wins face-off versus Riley Armstrong in Griffins zone.
Goals for this period are 3 for Griffins vs 2 for Penguins.
Shots for this period are 16 for Griffins vs 15 for Penguins.
2nd period
0:01 of 2nd period - Evan Rodrigues wins face-off versus Riley Armstrong in neutral zone.
0:11 of 2nd period - Slapshot by Matthew Tkachuk.
0:11 of 2nd period - Goal by Matthew Tkachuk - Griffins : 3 - Penguins : 3.
0:12 of 2nd period - Jack Roslovic wins face-off versus Evan Rodrigues in neutral zone.
0:23 of 2nd period - Jack Roslovic is hit by Matthew Tkachuk and loses puck.
0:41 of 2nd period - Wrist shot by Max Gortz.
0:41 of 2nd period - Shot Misses the Net.
0:43 of 2nd period - Snap shot by Andy Andreoff.
0:43 of 2nd period - Shot Misses the Net.
0:45 of 2nd period - Wrist shot by Andy Andreoff.
0:45 of 2nd period - Shot Blocked by Ryan Pulock.
0:47 of 2nd period - Slapshot by Eetu Luostarinen.
0:47 of 2nd period - Stopped by Joni Ortio with a rebound.
0:49 of 2nd period - Wrist shot by Max Gortz.
0:49 of 2nd period - Shot Misses the Net.
1:24 of 2nd period - Slapshot by Danny Biega.
1:24 of 2nd period - Shot Misses the Net.
1:26 of 2nd period - Snap shot by Danny Biega.
1:26 of 2nd period - Stopped by Joni Ortio without a rebound.
1:27 of 2nd period - Riley Armstrong wins face-off versus Jesper Boqvist in Griffins zone.
1:49 of 2nd period - Snap shot by Sam Kurker.
1:49 of 2nd period - Stopped by Joni Ortio with a rebound.
2:03 of 2nd period - Wrist shot by Riley Armstrong.
2:03 of 2nd period - Shot Blocked by Sam Kurker.
2:05 of 2nd period - Slapshot by Joe Morrow.
2:05 of 2nd period - Stopped by Jeremy Swayman without a rebound.
2:06 of 2nd period - Evan Rodrigues wins face-off versus Jack Roslovic in Penguins zone.
2:21 of 2nd period - Snap shot by Jack Roslovic.
2:21 of 2nd period - Stopped by Jeremy Swayman with a rebound.
2:43 of 2nd period - Minor Penalty to Nico Hischier for Hooking.
2:44 of 2nd period - Brendan Woods wins face-off versus Evan Rodrigues in Griffins zone.
2:44 of 2nd period - Brendan Woods is hit by Gavin Bayreuther.
3:46 of 2nd period - Wrist shot by Lucas Lessio.
3:46 of 2nd period - Stopped by Jeremy Swayman with a rebound.
4:43 of 2nd period - Penalty to Nico Hischier is over, Nico Hischier is back on ice.
5:34 of 2nd period - Slapshot by Adam Gaudette.
5:34 of 2nd period - Stopped by Jeremy Swayman without a rebound.
5:35 of 2nd period - Jesper Boqvist wins face-off versus Nico Hischier in Penguins zone.
5:35 of 2nd period - Jesper Boqvist is hit by Nico Hischier.
5:40 of 2nd period - Off-side.
5:41 of 2nd period - Nico Hischier wins face-off versus Jesper Boqvist in neutral zone.
5:48 of 2nd period - Wrist shot by Sonny Milano.
5:48 of 2nd period - Stopped by Jeremy Swayman with a rebound.
5:54 of 2nd period - Ian McCoshen is hit by Sam Kurker and loses puck.
6:09 of 2nd period - Ian McCoshen is hit by Gavin Bayreuther and loses puck.
6:36 of 2nd period - Slapshot by Lucas Lessio.
6:36 of 2nd period - Shot Blocked by Matthew Tkachuk.
6:38 of 2nd period - Slapshot by Joe Morrow.
6:38 of 2nd period - Deflect By Jack Studnicka.
6:38 of 2nd period - Stopped by Jeremy Swayman with a rebound.
6:40 of 2nd period - Snap shot by Jack Studnicka.
6:40 of 2nd period - Shot Blocked by Andrew O'Brien.
7:08 of 2nd period - Wrist shot by Matthew Tkachuk.
7:08 of 2nd period - Stopped by Joni Ortio with a rebound.
8:23 of 2nd period - Snap shot by Jack Roslovic.
8:23 of 2nd period - Stopped by Jeremy Swayman with a rebound.
8:25 of 2nd period - Snap shot by Ryan Pulock.
8:25 of 2nd period - Shot Misses the Net.
8:27 of 2nd period - Backhand shot by Jack Roslovic.
8:27 of 2nd period - Shot Misses the Net.
8:29 of 2nd period - Wrist shot by Jack Roslovic.
8:29 of 2nd period - Stopped by Jeremy Swayman without a rebound.
8:30 of 2nd period - Nico Hischier wins face-off versus Eetu Luostarinen in Penguins zone.
8:56 of 2nd period - Iven Barbashev is hit by Danny Kristo and loses puck.
9:25 of 2nd period - Snap shot by Riley Armstrong.
9:25 of 2nd period - Stopped by Jeremy Swayman with a rebound.
9:41 of 2nd period - Max Gortz is hit by Dmitri Orlov and loses puck.
10:16 of 2nd period - Slapshot by Joe Morrow.
10:16 of 2nd period - Shot Blocked by Danny Biega.
10:18 of 2nd period - Slapshot by Joe Morrow.
10:18 of 2nd period - Stopped by Jeremy Swayman without a rebound.
10:19 of 2nd period - Jack Roslovic wins face-off versus Evan Rodrigues in Penguins zone.
10:24 of 2nd period - Wrist shot by Danny Kristo.
10:24 of 2nd period - Shot Misses the Net.
10:30 of 2nd period - Danny Kristo is hit by Gavin Bayreuther and loses puck.
11:07 of 2nd period - Ryan Pulock is hit by Andrew O'Brien and loses puck.
11:45 of 2nd period - Wrist shot by Lucas Lessio.
11:45 of 2nd period - Deflect By Gavin Bayreuther.
11:45 of 2nd period - Shot Misses the Net.
11:45 of 2nd period - Puck is out of play.
11:46 of 2nd period - Eetu Luostarinen wins face-off versus Nico Hischier in Penguins zone.
12:06 of 2nd period - Adam Gaudette is hit by Andy Andreoff and loses puck.
12:20 of 2nd period - Slapshot by Andy Andreoff.
12:20 of 2nd period - Stopped by Joni Ortio with a rebound.
12:56 of 2nd period - Off-side.
12:57 of 2nd period - Jack Roslovic wins face-off versus Evan Rodrigues in neutral zone.
13:20 of 2nd period - Danny Kristo is hit by Dakota Mermis and loses puck.
13:56 of 2nd period - Slapshot by Danny Kristo.
13:56 of 2nd period - Shot Misses the Net.
13:58 of 2nd period - Wrist shot by Sebastian Ahaut.
13:58 of 2nd period - Stopped by Jeremy Swayman without a rebound.
13:59 of 2nd period - Victor Olofsson wins face-off versus Riley Armstrong in Penguins zone.
15:12 of 2nd period - Lucas Lessio is hit by Jesper Boqvist and loses puck.
15:27 of 2nd period - Wrist shot by Sonny Milano.
15:27 of 2nd period - Shot Misses the Net.
16:10 of 2nd period - Danny Biega is hit by Joe Morrow and loses puck.
16:42 of 2nd period - Riley Armstrong is hit by Victor Olofsson and loses puck.
16:53 of 2nd period - Brendan Woods is hit by John Marino and loses puck.
16:58 of 2nd period - Snap shot by Andy Andreoff.
16:58 of 2nd period - Shot Blocked by Dmitri Orlov.
17:00 of 2nd period - Wrist shot by Andy Andreoff.
17:00 of 2nd period - Stopped by Joni Ortio without a rebound.
17:01 of 2nd period - Evan Rodrigues wins face-off versus Jack Roslovic in Griffins zone.
17:08 of 2nd period - Snap shot by Jack Roslovic.
17:08 of 2nd period - Shot Misses the Net.
17:10 of 2nd period - Snap shot by Jack Roslovic.
17:10 of 2nd period - Shot Blocked by Anthony Beauvillier.
18:40 of 2nd period - Icing by Sonny Milano.
18:41 of 2nd period - Eetu Luostarinen wins face-off versus Nico Hischier in Griffins zone.
Goals for this period are 0 for Griffins vs 1 for Penguins.
Shots for this period are 11 for Griffins vs 7 for Penguins.
3rd period
0:01 of 3rd period - Jack Roslovic wins face-off versus Evan Rodrigues in neutral zone.
0:48 of 3rd period - Andrew O'Brien is hit by Riley Armstrong and loses puck.
0:53 of 3rd period - Slapshot by Brendan Woods.
0:53 of 3rd period - Shot Misses the Net.
0:55 of 3rd period - Wrist shot by Brendan Woods.
0:55 of 3rd period - Stopped by Jeremy Swayman without a rebound.
0:56 of 3rd period - Anthony Beauvillier wins face-off versus Danny Kristo in Penguins zone.
1:11 of 3rd period - Slapshot by Matthew Tkachuk.
1:11 of 3rd period - Stopped by Joni Ortio with a rebound.
1:14 of 3rd period - Icing by Dmitri Orlov.
1:15 of 3rd period - Adam Brooks wins face-off versus Jack Roslovic in Griffins zone.
1:33 of 3rd period - Snap shot by Jack Roslovic.
1:33 of 3rd period - Stopped by Jeremy Swayman without a rebound.
1:34 of 3rd period - Nico Hischier wins face-off versus Evan Rodrigues in Penguins zone.
1:59 of 3rd period - Riley Armstrong is hit by Iven Barbashev and loses puck.
3:44 of 3rd period - Snap shot by Danny Biega.
3:44 of 3rd period - Deflect By Ian McCoshen.
3:44 of 3rd period - Stopped by Joni Ortio without a rebound.
3:45 of 3rd period - Jack Roslovic wins face-off versus Adam Brooks in Griffins zone.
3:45 of 3rd period - Jack Roslovic is hit by Victor Olofsson.
4:17 of 3rd period - Snap shot by Riley Armstrong.
4:17 of 3rd period - Shot Blocked by Gavin Bayreuther.
4:19 of 3rd period - Wrist shot by Troy Terry.
4:19 of 3rd period - Shot Blocked by Dakota Mermis.
4:33 of 3rd period - Dakota Mermis is hit by Jack Studnicka and loses puck.
5:02 of 3rd period - Wrist shot by Anthony Beauvillier.
5:02 of 3rd period - Stopped by Joni Ortio without a rebound.
5:03 of 3rd period - Evan Rodrigues wins face-off versus Jack Roslovic in Griffins zone.
5:14 of 3rd period - Snap shot by Anthony Beauvillier.
5:14 of 3rd period - Shot Misses the Net.
5:16 of 3rd period - Slapshot by Danny Biega.
5:16 of 3rd period - Shot Blocked by Joe Morrow.
5:30 of 3rd period - Snap shot by Max Gortz.
5:30 of 3rd period - Deflect By Sonny Milano.
5:30 of 3rd period - Stopped by Joni Ortio with a rebound.
5:32 of 3rd period - Snap shot by Andy Andreoff.
5:32 of 3rd period - Shot Blocked by Nico Hischier.
5:48 of 3rd period - Joe Morrow is hit by Jeff Malott.
5:52 of 3rd period - Ryan Lindgren is hit by Dakota Mermis and loses puck.
5:59 of 3rd period - Ryan Lindgren is hit by Danny Biega and loses puck.
6:14 of 3rd period - Slapshot by Cody Glass.
6:14 of 3rd period - Stopped by Jeremy Swayman with a rebound.
6:16 of 3rd period - Snap shot by Jack Studnicka.
6:16 of 3rd period - Stopped by Jeremy Swayman without a rebound.
6:17 of 3rd period - Cody Glass wins face-off versus Evan Rodrigues in Penguins zone.
6:44 of 3rd period - Snap shot by Dmitri Orlov.
6:44 of 3rd period - Shot Blocked by Evan Rodrigues.
6:46 of 3rd period - Wrist shot by Cody Glass.
6:46 of 3rd period - Stopped by Jeremy Swayman with a rebound.
6:48 of 3rd period - Snap shot by Dmitri Orlov.
6:48 of 3rd period - Shot Blocked by Gavin Bayreuther.
6:50 of 3rd period - Slapshot by Dmitri Orlov.
6:50 of 3rd period - Shot Misses the Net.
6:52 of 3rd period - Slapshot by Ian McCoshen.
6:52 of 3rd period - Shot Misses the Net.
7:49 of 3rd period - Snap shot by Joe Morrow.
7:49 of 3rd period - Stopped by Jeremy Swayman with a rebound.
7:55 of 3rd period - Snap shot by Joe Morrow.
7:55 of 3rd period - Shot Misses the Net.
7:59 of 3rd period - Slapshot by Joe Morrow.
7:59 of 3rd period - Shot Misses the Net.
8:01 of 3rd period - Slapshot by Ryan Lindgren.
8:01 of 3rd period - Shot Blocked by Gavin Bayreuther.
8:05 of 3rd period - Snap shot by Lucas Lessio.
8:05 of 3rd period - Deflect By Gavin Bayreuther.
8:05 of 3rd period - Stopped by Jeremy Swayman without a rebound.
8:06 of 3rd period - Adam Brooks wins face-off versus Jack Roslovic in Penguins zone.
8:17 of 3rd period - Snap shot by Victor Olofsson.
8:17 of 3rd period - Stopped by Joni Ortio without a rebound.
8:18 of 3rd period - Tyler Bertuzzi wins face-off versus Adam Brooks in Griffins zone.
9:57 of 3rd period - Slapshot by Andy Andreoff.
9:57 of 3rd period - Shot Misses the Net.
9:59 of 3rd period - Snap shot by Eetu Luostarinen.
9:59 of 3rd period - Deflect By Andy Andreoff.
9:59 of 3rd period - Shot Blocked by Riley Armstrong.
9:59 of 3rd period - Puck is out of play.
10:00 of 3rd period - Adam Brooks wins face-off versus Jack Roslovic in Griffins zone.
10:55 of 3rd period - Brendan Woods is hit by Jeff Malott and loses puck.
11:31 of 3rd period - Cody Glass is hit by Victor Olofsson and loses puck.
12:06 of 3rd period - Minor Penalty to Jesper Boqvist for Roughing.
12:07 of 3rd period - Evan Rodrigues wins face-off versus Jack Roslovic in Penguins zone.
12:16 of 3rd period - Gavin Bayreuther is hit by Joe Morrow and loses puck.
13:03 of 3rd period - Jack Roslovic is hit by Iven Barbashev and loses puck.
14:06 of 3rd period - Penalty to Jesper Boqvist is over, Jesper Boqvist is back on ice.
14:57 of 3rd period - Icing by Sebastian Ahaut.
14:58 of 3rd period - Cody Glass wins face-off versus Eetu Luostarinen in Griffins zone.
15:07 of 3rd period - Snap shot by Jack Roslovic.
15:07 of 3rd period - Stopped by Jeremy Swayman with a rebound.
15:26 of 3rd period - Snap shot by Sonny Milano.
15:26 of 3rd period - Stopped by Jeremy Swayman without a rebound.
15:27 of 3rd period - Evan Rodrigues wins face-off versus Nico Hischier in Penguins zone.
15:32 of 3rd period - Slapshot by Gavin Bayreuther.
15:32 of 3rd period - Deflect By Evan Rodrigues.
15:32 of 3rd period - Stopped by Joni Ortio without a rebound.
15:33 of 3rd period - Troy Terry wins face-off versus Evan Rodrigues in Griffins zone.
17:37 of 3rd period - Off-side.
17:38 of 3rd period - Nico Hischier wins face-off versus Eetu Luostarinen in neutral zone.
17:40 of 3rd period - Minor Penalty to Nico Hischier for Holding.
17:41 of 3rd period - Riley Armstrong wins face-off versus Evan Rodrigues in Griffins zone.
19:09 of 3rd period - Jack Studnicka is hit by Dakota Mermis and loses puck.
19:40 of 3rd period - Penalty to Nico Hischier is over, Nico Hischier is back on ice.
19:56 of 3rd period - John Marino is hit by Ryan Pulock.
Goals for this period are 0 for Griffins vs 0 for Penguins.
Shots for this period are 9 for Griffins vs 6 for Penguins.
Overtime #1
0:01 of 1st overtime period - Jack Roslovic wins face-off versus Evan Rodrigues in neutral zone.
0:03 of 1st overtime period - Off-side.
0:04 of 1st overtime period - Evan Rodrigues wins face-off versus Jack Roslovic in neutral zone.
0:07 of 1st overtime period - Slapshot by Gavin Bayreuther.
0:07 of 1st overtime period - Deflect By Jack Roslovic.
0:07 of 1st overtime period - Stopped by Joni Ortio with a rebound.
1:25 of 1st overtime period - Icing by Ian McCoshen.
1:26 of 1st overtime period - Adam Brooks wins face-off versus Brendan Woods in Griffins zone.
2:01 of 1st overtime period - Backhand shot by Dmitri Orlov.
2:01 of 1st overtime period - Shot Blocked by Dakota Mermis.
2:03 of 1st overtime period - Wrist shot by Ian McCoshen.
2:03 of 1st overtime period - Stopped by Jeremy Swayman without a rebound.
2:04 of 1st overtime period - Jack Roslovic wins face-off versus Evan Rodrigues in Penguins zone.
2:07 of 1st overtime period - Snap shot by Tyler Bertuzzi.
2:07 of 1st overtime period - Stopped by Jeremy Swayman without a rebound.
2:08 of 1st overtime period - Evan Rodrigues wins face-off versus Jack Roslovic in Penguins zone.
2:12 of 1st overtime period - Off-side.
2:13 of 1st overtime period - Jack Roslovic wins face-off versus Evan Rodrigues in neutral zone.
2:44 of 1st overtime period - Snap shot by Tyler Bertuzzi.
2:44 of 1st overtime period - Stopped by Jeremy Swayman with a rebound.
2:46 of 1st overtime period - Snap shot by Ryan Pulock.
2:46 of 1st overtime period - Stopped by Jeremy Swayman with a rebound.
2:48 of 1st overtime period - Snap shot by Jack Roslovic.
2:48 of 1st overtime period - Shot Misses the Net.
3:08 of 1st overtime period - Icing by Jack Roslovic.
3:09 of 1st overtime period - Jack Roslovic wins face-off versus Adam Brooks in Griffins zone.
3:34 of 1st overtime period - Snap shot by Riley Armstrong.
3:34 of 1st overtime period - Shot Blocked by Gavin Bayreuther.
3:40 of 1st overtime period - Snap shot by Iven Barbashev.
3:40 of 1st overtime period - Shot Blocked by Joe Morrow.
3:42 of 1st overtime period - Snap shot by Gavin Bayreuther.
3:42 of 1st overtime period - Stopped by Joni Ortio without a rebound.
3:43 of 1st overtime period - Evan Rodrigues wins face-off versus Riley Armstrong in Griffins zone.
4:10 of 1st overtime period - Troy Terry is hit by Adam Brooks and loses puck.
4:49 of 1st overtime period - Wrist shot by Riley Armstrong.
4:49 of 1st overtime period - Stopped by Jeremy Swayman without a rebound.
4:50 of 1st overtime period - Riley Armstrong wins face-off versus Evan Rodrigues in Penguins zone.
Goals for this period are 0 for Griffins vs 0 for Penguins.
Shots for this period are 5 for Griffins vs 2 for Penguins.
ShootOut
5:00 of 1st overtime period - Round #1.
5:00 of 1st overtime period - Griffins, Jack Roslovic.
5:00 of 1st overtime period - Deke by Jack Roslovic.
5:00 of 1st overtime period - Goal by Jack Roslovic.
5:00 of 1st overtime period - Penguins, Andy Andreoff.
5:00 of 1st overtime period - Wrist shot by Andy Andreoff.
5:00 of 1st overtime period - Goal by Andy Andreoff.
5:00 of 1st overtime period - Round #2.
5:00 of 1st overtime period - Griffins, Adam Gaudette.
5:00 of 1st overtime period - Deke by Adam Gaudette.
5:00 of 1st overtime period - Stopped by Jeremy Swayman.
5:00 of 1st overtime period - Penguins, Matthew Tkachuk.
5:00 of 1st overtime period - Backhand shot by Matthew Tkachuk.
5:00 of 1st overtime period - Shot Misses the Net.
5:00 of 1st overtime period - Round #3.
5:00 of 1st overtime period - Griffins, Riley Armstrong.
5:00 of 1st overtime period - Deke by Riley Armstrong.
5:00 of 1st overtime period - Goal by Riley Armstrong.
5:00 of 1st overtime period - Penguins, Victor Olofsson.
5:00 of 1st overtime period - Snap shot by Victor Olofsson.
5:00 of 1st overtime period - Stopped by Joni Ortio.